 Dungeon Crawl Stone Soup version 0.23.2-1-ga50397a6bc (webtiles) character file.

Game seed: 15243214665189322000

659 Descartes the Shield-Bearer (level 7, -16/55 HPs)
             Began as a Formicid Fighter on May 27, 2019.
             Demolished by an ogre
             ... wielding a +0 giant club
              (23 damage)
             ... on level 6 of the Dungeon.
             The game lasted 00:13:06 (4772 turns).

Descartes the Shield-Bearer (Formicid Fighter)      Turns: 4772, Time: 00:13:06

Health: -16/55     AC:  9    Str: 26    XL:     7   Next: 86%
Magic:  7/7        EV:  8    Int:  8    God:
Gold:   186        SH: 11    Dex: 12    Spells: 6/6 levels left

rFire    + . .     SeeInvis +   a - +0 battleaxe
rCold    + . .     Gourm    .   c - +0 shield
rNeg     . . .     Faith    .   z - +0 chain mail
rPois    +         Spirit   .   (helmet unavailable)
rElec    .         Reflect  .   G - scarf {rC+ rF+}
rCorr    .         Harm     .   (no gloves)
MR       .....                  (no boots)
Stlth    ..........             (no amulet)
HPRegen  0.18/turn              A - +6 ring of strength
MPRegen  0.10/turn              v - ring of poison resistance

@: no status effects
A: permanent stasis, dig shafts and tunnels, four strong arms, antennae 3
a: Dig, Shaft Self


You were on level 6 of the Dungeon.
You were very hungry.

You visited 1 branch of the dungeon, and saw 5 of its levels.
You also visited: Ossuary.

You collected 210 gold pieces.
You spent 24 gold pieces at shops.

Inventory:

Hand Weapons
 a - a +0 battleaxe (weapon)
 b - a +0 flail
 s - a +2 quarterstaff of chaos
 w - a +0 hunting sling
Missiles
 e - 119 stones (quivered)
 g - 48 poisoned needles
 l - 66 arrows
Armour
 c - a +0 shield (worn)
 t - a +0 cloak
 z - a +0 chain mail (worn)
 E - a +0 scale mail
 G - a scarf of resistance (worn)
Jewellery
 i - an uncursed ring of fire
 o - an uncursed ring of wizardry
 r - an uncursed ring of positive energy
 v - a ring of poison resistance (right hand)
 A - a +6 ring of strength (left hand)
Wands
 h - a wand of disintegration (9)
 D - a wand of flame (17)
 J - a wand of iceblast (10)
Scrolls
 j - 4 scrolls of identify
 m - a scroll of magic mapping {unknown}
 p - a scroll of teleportation {unknown}
 u - a scroll of fog {unknown}
 x - a scroll of enchant weapon {unknown}
 y - 2 scrolls of remove curse {unknown}
 K - a scroll of immolation {unknown}
Potions
 d - 5 potions of might
 k - 4 potions of haste
 n - 3 potions of flight
 q - 4 potions of degeneration
 B - a potion of cancellation
 C - a potion of agility
 F - a potion of heal wounds {unknown}
 H - a potion of mutation {unknown}
 I - 2 potions of resistance {unknown}
 L - a potion of brilliance {unknown}
Comestibles
 f - 9 rations


   Skills:
 + Level 4.6 Fighting
 + Level 3.4(3.9) Axes
 + Level 2.5(3.4) Maces & Flails
 + Level 4.7 Armour
 + Level 2.3 Dodging
 * Level 6.4 Shields


You had 6 spell levels left.
You didn't know any spells.
Your spell library was empty.

Dungeon Overview and Level Annotations

Branches:
Dungeon (6/15)             Temple (0/1) D:6

Altars:
Fedhas
Gozag
Nemelex Xobeh
Ru
Wu Jian
Yredelemnul

Shops:
D:4 ?%(}[


Innate Abilities, Weirdness & Mutations

You cannot be hasted, slowed, berserked, paralysed or teleported.
You can dig through walls and to a lower floor.
Your four strong arms can wield two-handed weapons with a shield.
You have a pair of large antennae on your head. (SInv)


Message History

There is an open door here.
An ogre comes into view. It is wielding a +0 giant club.
The ogre shouts!
You hit the ogre.
The ogre is lightly wounded.
The ogre barely misses you.
Your shield and chain mail prevent you from hitting the ogre.
The ogre is lightly wounded.
You are feeling very hungry.
The ogre hits you with a +0 giant club!
You barely miss the ogre. The ogre hits you with a +0 giant club!
You slice the ogre!!
The ogre is almost dead.
The ogre hits you with a +0 giant club! x2
* * * LOW HITPOINT WARNING * * *
You are too injured to fight recklessly!
You hit the ogre.
The ogre is almost dead.
The ogre hits you with a +0 giant club!!
You die...

#..##+##....# ...
#..#...#....##...
#..'...#.......
#...#...#......
#.....##'##.#..#
###.........#.#
##.#######..# #.
##.## #. #@.# ##
#.O## #..# ...#
..... ..###. ..#
# ..#


You could see an ogre.

Vanquished Creatures
  An elf zombie (Ossuary)
  2 howler monkeys
  2 human zombies (Ossuary)
  An orc priest (D:4)
  Crazy Yiuf (D:2)
  2 orc wizards (D:4)
  3 worker ants
  A big kobold zombie (Ossuary)
  2 mummies (Ossuary)
  7 adders
  4 gnolls (D:4)
  An ooze (D:1)
  An adder zombie (D:6)
  A worm (D:2)
  5 leopard geckos
  13 orcs (D:4)
  7 bats
  4 giant cockroaches
  3 goblins (D:1)
  9 hobgoblins
  7 jackals
  4 kobolds (D:1)
  5 quokkas
  A frilled lizard (D:4)
  A goblin zombie (Ossuary)
  12 hobgoblin zombies (Ossuary)
  A jackal skeleton (D:6)
  4 jackal zombies (Ossuary)
  7 kobold zombies (Ossuary)
  7 orc zombies (Ossuary)
  3 rats (D:1)
  2 rat zombies (Ossuary)
  A spectral orc (D:3)
125 creatures vanquished.

Notes
Turn   | Place    | Note
-------+----------+-------------------------------------------
     0 | D:1      | Descartes the Formicid Fighter began the quest for the Orb.
     0 | D:1      | Reached XP level 1. HP: 18/18 MP: 1/1
   125 | D:1      | Reached XP level 2. HP: 14/24 MP: 2/2
   373 | D:1      | Reached skill level 4 in Shields
   486 | D:1      | Reached XP level 3. HP: 29/29 MP: 3/3
  1216 | D:2      | Reached XP level 4. HP: 21/36 MP: 4/4
  1433 | D:2      | Reached skill level 1 in Dodging
  1484 | D:2      | Found an ornate altar of the Wu Jian Council.
  1534 | D:2      | Found a sacrificial altar of Ru.
  1572 | D:2      | Reached skill level 1 in Maces & Flails
  1786 | D:2      | Found a runed translucent door.
  1787 | D:2      | Noticed Crazy Yiuf
  1793 | D:2      | Killed Crazy Yiuf
  1793 | D:2      | Reached XP level 5. HP: 42/42 MP: 5/5
  2417 | D:3      | Found a basalt altar of Yredelemnul.
  2736 | D:4      | Reached skill level 5 in Shields
  2940 | D:4      | Found Qepsies's Armour Boutique.
  2965 | D:4      | Found Ineaha's Antique Weapon Shop.
  3046 | D:4      | Found Tossoamn's Food Emporium.
  3064 | D:4      | Reached XP level 6. HP: 27/48 MP: 6/6
  3218 | D:4      | Found Banem's Magic Scroll Emporium.
  3424 | D:4      | Bought a scroll of identify for 24 gold pieces
  3531 | D:4      | Found a blossoming altar of Fedhas.
  3608 | D:4      | Found Qinug's Gadget Emporium.
  3818 | D:4      | Reached XP level 7. HP: 51/54 MP: 7/7
  4010 | D:4      | You fall through a shaft for 2 floors!
  4081 | D:6      | Found a sparkling altar of Nemelex Xobeh.
  4081 | D:6      | Found an opulent altar of Gozag.
  4196 | D:6      | Reached skill level 6 in Shields
  4256 | D:6      | Found a staircase to the Ecumenical Temple.
  4344 | D:6      | Found a sand-covered staircase.
  4349 | Ossuary  | Entered an ossuary
  4772 | D:6      | Demolished by an ogre

Skill      XL: |  1  2  3  4  5  6  7 |
---------------+----------------------+-----
Shields        | 4 5 6 |  6.4
Dodging        | 1 2 |  2.3
Maces & Flails | 1 2 |  2.5
Armour         | 4 |  4.7
Fighting       | 4 |  4.6
Axes           | 3 |  3.4

Action                   |  1- 3 |  4- 6 |  7- 9 || total
-------------------------+-------+-------+-------++-------
Melee: War axe           |   130 |   118 |       ||   248
       Flail             |       |    64 |    15 ||    79
       Battleaxe         |       |       |   149 ||   149
 Abil: Dig               |       |       |     3 ||     3
       Shaft Self        |       |       |     1 ||     1
  Use: Scroll            |       |     5 |       ||     5
  Eat: Chunk             |     1 |     8 |     4 ||    13
Armor: Scale mail        |    57 |    81 |     4 ||   142
       Chain mail        |       |       |    43 ||    43
Dodge: Dodged            |    48 |    75 |    42 ||   165
Block: Shield            |    85 |   130 |    86 ||   301
